 Dungeon Crawl Stone Soup version 0.29-a0-422-gafbd6decc1 (webtiles) character file.

Game seed: 16725704608839447042

51 xian the Poker (level 3, -2/26 HPs)
             Began as an Octopode Chaos Knight on May 18, 2022.
             Was a Plaything of Xom.
             Slain by a white imp (4 damage)
             ... summoned by Natasha
             ... on level 2 of the Dungeon.
             The game lasted 00:05:29 (1663 turns).

xian the Poker (Octopode Chaos Knight)              Turns: 1663, Time: 00:05:30

Health: -2/26      AC:  1    Str: 13    XL:     3   Next: 81%
Magic:  3/3        EV: 13    Int: 14    God:    Xom [.*....]
Gold:   40         SH:  0    Dex: 11    Spells: 2/2 levels left

rFire   . . .      SeeInvis .   a - +0 spear (chaos)
rCold   . . .      Faith    .   f - orb {mayhem}
rNeg    . . .      Spirit   .   (helmet restricted)
rPois   .          Reflect  .   (no amulet)
rElec   .          Harm     .   (no ring)
rCorr   .          Rampage  .   (no ring)
Will    .....                   (no ring)
Stlth   +++.......              (no ring)
HPRegen 0.08/turn               (no ring)
MPRegen 0.08/turn               (no ring)
                                (no ring)
                                (no ring)

@: slowed, very slow
A: almost no armour, amphibious, 8 rings, camouflage 1, gelatinous body 1,
(nimble swimmer 1), tentacles, deterioration 1
a: Renounce Religion


You were on level 2 of the Dungeon.
You worshipped Xom.
You were a plaything of Xom.
You visited 1 branch of the dungeon, and saw 2 of its levels.

You collected 40 gold pieces.

Inventory:

Hand Weapons
 a - a +0 spear of chaos (weapon)
Armour
 f - an orb of mayhem (worn)
Scrolls
 c - a scroll of enchant armour {unknown}
 d - a scroll of torment {unknown}
 e - a scroll of summoning {unknown}
 g - a scroll of identify {unknown}
 i - a scroll of fog {unknown}
Potions
 h - a potion of heal wounds {unknown}
Miscellaneous
 b - a piece from Xom's chessboard (15/15) (quivered)


   Skills:
 + Level 3.5 Fighting
 + Level 3.7 Polearms
 + Level 2.7 Dodging
 + Level 1.4 Stealth


You had 2 spell levels left.
You didn't know any spells.
Your spell library contained the following spells:

 Spells                   Type           Power      Damage    Failure   Level
 Ensorcelled Hibernation  Hex/Ice        0%         N/A       41%         2
 Spider Form              Tmut/Pois      0%         N/A       65%         3
 Anguish                  Hex/Necr       0%         N/A       96%         4


Dungeon Overview and Level Annotations

Branches:
Dungeon (2/15)

Altars:

Annotations:
D:2 Natasha


Innate Abilities, Weirdness & Mutations

You cannot wear most types of armour.
You are amphibious.
You can wear up to eight rings at the same time.
Your skin changes colour to match your surroundings (Stealth+).
Your rubbery body absorbs attacks. (AC +1, EV +1)
((You are camouflaged when in or above water. (Stealth+)))
You have tentacles for arms and can constrict up to eight enemies at once.
Your body sometimes deteriorates upon taking damage.


Message History

The kobold flies into a frenzy!
You barely miss the kobold. You grab the kobold. You squeeze the kobold.
The kobold is moderately wounded.
You constrict the kobold. The kobold hits you with a +0 whip.
You hear a zap.
You hear a grinding noise.
The kobold hits you with a +0 whip.
You hit the kobold.
You kill the kobold!
Natasha, Servant of Life and Death comes into view.
She is carrying a wand of digging (8).
Natasha casts a spell.
Natasha wildly gestures.
Natasha's front paws start to glow.
Natasha casts a spell at you.
You feel yourself slow down.
Natasha casts a spell.
Natasha casts a spell.
Xom's power flows through you!
Natasha blinks!
You hear a zap.
Some rock shatters into small pieces.
The crimson imp blinks!
The white imp spits at you. The white imp gestures at you.
The puff of frost misses you. The white imp gestures at you.
The puff of frost hits you.
The crimson imp blinks!
The translocation energy dissipates.
Natasha zaps a wand.
Some rock shatters into small pieces.
The crimson imp hits you.
The white imp hits you but does no damage.
The white imp closely misses you.
You closely miss the white imp. Your grab misses the white imp.
The crimson imp hits you. Natasha claws you.
* * * LOW HITPOINT WARNING * * *
The white imp hits you.
* * * LOW HITPOINT WARNING * * *
The white imp freezes you.
You die...
Xom chortles!

#.#.....+.........
#.#.....#.......#. #..
#.#.....#####.###### # ## #.#
#.#####..#8###.##.⌠###8###8##..
#.# #................... ...# #
#+# #................... ..# .
###.....[.#.######## #.# .
###..†....#h.##.#######.##.
.........5@5..............)
..#########.#.###.#######.###
#.#.###....####.#
#.#........'....#
#.#.###....###### #.#........#
#.#.######## ..#.#


You could see Natasha, a crimson imp (summoned) and a white imp (summoned).

Vanquished Creatures
  An adder (D:2)
  A worm (D:2)
  5 ball pythons
  4 endoplasms (D:1)
  2 giant cockroaches (D:1)
  4 goblins
  3 hobgoblins
  2 jackals (D:1)
  3 kobolds
  A quokka (D:1)
  4 bats (D:1)
  A frilled lizard (D:1)
  2 rats
33 creatures vanquished.

Vanquished Creatures (collateral kills)
  A jackal (D:1)
1 creature vanquished.

Vanquished Creatures (others)
  A frilled lizard (D:1)
1 creature vanquished.

Grand Total: 35 creatures vanquished

Notes
Turn   | Place    | Note
-------+----------+-------------------------------------------
     0 | D:1      | xian the Octopode Chaos Knight began the quest for the Orb.
     0 | D:1      | Reached XP level 1. HP: 16/16 MP: 1/1
    45 | D:1      | XOM: silly message
    50 | D:1      | XOM: confuse monster(s)
    94 | D:1      | Reached XP level 2. HP: 21/21 MP: 2/2
   196 | D:1      | XOM: divination: magic mapping
   312 | D:1      | XOM: silly message
   388 | D:1      | XOM: cloud trail
   562 | D:1      | XOM: potion effect (haste)
   692 | D:1      | XOM: divination: detect creatures
   729 | D:1      | XOM: 1-stop teleportation journey
   804 | D:1      | XOM: silly message
   826 | D:1      | XOM: stat loss: -1 Str (10/11)
   931 | D:1      | Reached XP level 3. HP: 26/26 MP: 3/3
   933 | D:1      | Reached skill level 1 in Stealth
   934 | D:1      | XOM: smoke on damage
  1063 | D:1      | Found a faded altar of an unknown god.
  1376 | D:2      | XOM: blink monster(s)
  1379 | D:2      | XOM: confusion (+ monsters)
  1402 | D:2      | XOM: give mutations
  1402 | D:2      | Gained mutation: You occasionally shout uncontrollably at
                  | your foes. [Xom's mischief]
  1402 | D:2      | Gained mutation: Your body sometimes deteriorates upon
                  | taking damage. [Xom's mischief]
  1402 | D:2      | Lost mutation: You occasionally shout uncontrollably at
                  | your foes. [Xom's mischief]
  1644 | D:2      | Noticed Natasha
  1656 | D:2      | XOM: cast spell 'Disjunction'
  1663 | D:2      | Slain by a white imp

Illustrated notes

Levels and vault maps discovered:
D:1:      tarquinn_simple_flora_water_a, layout_loops_corners,
          shapermc_ecumenical_altar_venn
D:2:      layout_basic, serial_corexii_hall, corexii_hall_statues_deadend,
          corexii_hall_statues_i, chequers_hall_statues_wall_a,
          uniq_crazy_yiuf_cottage, uniq_natasha

Skill      XL: |  1  2  3 |
---------------+----------+-----
Stealth        | 1 |  1.4
Fighting       | |  3.5
Polearms       | |  3.7
Dodging        | |  2.7

Action                   || total
-------------------------++-------
Melee: Spear             ||    64
       Tentacles         ||    10
       Constrict         ||    15
 Stab: Sleeping          ||     8
Armor: Skin              ||     8
Dodge: Dodged            ||    37

Table legend: (Time is in decaauts)
 A = Elapsed time spent in this place.
 B = Non-inter-level travel time spent in this place.
 C = Inter-level travel time spent in this place.
 D = Time resting spent in this place.
 E = Time spent auto-exploring this place.
 F = Levels seen in this place.
 G = Mean time per level.
                   A        B        C        D        E       F      G
               +--------+--------+--------+--------+--------+-----+--------+
         Total |   1645 |   1615 |     30 |      0 |   1239 |   2 |  822.5 |
       Dungeon |   1645 |   1615 |     30 |      0 |   1239 |   2 |  822.5 |
               +--------+--------+--------+--------+--------+-----+--------+

Top non-repeatable levels by time:
     D:1: 1316 daAuts
     D:2: 329 daAuts
